Map: Dusk Towers

Players

UCLAcao - Winner!

  • Race: Zerg Zerg
  • League: Master

xKawaiian

  • Race: Terran Terran
  • League: Master

VOD

Have the link to the VOD?

Description

Time

  • Played on: Jan. 12, 2016, 9:30 p.m.
  • Length: 12:48
Show
View Real Time Build Order
Export as new Build Order

UCLAcao Zerg - Winner!

Build Orders: Hatch First 

Get SALT Encoding   

  12  0:01  Drone  
  13  0:09  Drone  
  14  0:17  Overlord  
  14  0:23  Extractor  
  14  0:24  Drone  
  15  0:35  Drone x2  
  17  0:44  Drone  
  18  0:56  Hatchery  
  17  0:59  Drone  
  17  1:01  Extractor  
  17  1:06  Drone  
  18  1:16  Spawning Pool  
  17  1:20  Drone  
  18  1:28  Drone  
  19  1:37  Overlord  
  19  1:48  Drone  
  20  2:02  Queen  
  20  2:05  Zergling x2  
  20  2:07  Metabolic Boost  
  20  2:08  Queen  
  23  2:09  Zergling x2  
  23  2:11  Zergling x2  
  27  2:21  Overlord  
  27  2:27  Drone  
  28  2:38  Drone x2  
  30  2:44  Extractor  
  30  2:49  Queen  
  31  2:55  Drone  
  31  2:56  Drone x3  
  31  2:57  Queen  
  37  3:09  Drone x2  
  39  3:19  Drone x2  
  41  3:29  Overlord  
  41  3:32  Hatchery  
  40  3:36  Overlord  
  40  3:37  Drone x3  
  43  3:44  Roach Warren, Extractor  
  43  3:45  Overlord  
  43  3:46  Drone x2  
  43  3:56  Drone  
  44  4:03  Drone  
  44  4:04  Drone x6  
  51  4:12  Drone  
  52  4:24  Extractor x2  
  52  4:25  Roach x3  
  56  4:37  Overlord x2  
  57  4:38  Drone x3  
  57  4:39  Drone  
  60  4:53  Evolution Chamber  
  60  4:55  Evolution Chamber  
  60  4:56  Ravager x3  
  60  4:58  Roach x2, Zergling x2  
  66  5:00  Queen  
  66  5:05  Drone x2  
  70  5:07  Spore Crawler x2  
  70  5:11  Drone x3  
  71  5:18  Drone x2  
  71  5:19  Zerg Missile Weapons Level 1  
  73  5:23  Zerg Ground Armor Level 1  
  73  5:25  Spore Crawler  
  73  5:26  Drone  
  73  5:35  Lair  
  73  5:39  Drone x6  
  73  5:41  Overlord  
  79  5:45  Drone  
  79  5:46  Drone x3  
  83  5:54  Spore Crawler  
  82  6:02  Roach x3  
  82  6:03  Drone x6  
  89  6:11  Roach x3  
  90  6:22  Spine Crawler, Extractor  
  90  6:23  Extractor  
  87  6:27  Queen  
  89  6:34  Overlord  
  89  6:35  Glial Reconstitution  
  89  6:37  Overlord  
  89  6:38  Overlord x3  
  89  6:40  Drone  
  90  6:57  Drone x4  
  94  7:01  Overlord  
  94  7:02  Overlord  
  94  7:03  Roach x5  
  104  7:16  Spine Crawler  
  104  7:22  Roach x2  
  107  7:23  Roach x7  
  107  7:26  Hatchery  
  107  7:28  Zerg Ground Armor Level 2, Zerg Missile Weapons Level 2  
  120  7:30  Overseer  
  120  7:42  Roach x8  
  136  7:47  Ravager x2  
  136  7:48  Overlord  
  136  7:49  Overlord  
  138  7:54  Pneumatized Carapace  
  138  7:58  Overseer x2  
  138  8:09  Overlord x4  
  138  8:29  Roach x14  
  138  8:32  Ravager  
  138  8:33  Ravager x3  
  170  8:34  Overlord  
  170  9:03  Overlord x2  
  170  9:04  Overlord  
  170  9:12  Ravager x4  
  170  9:13  Overlord x3, Ravager x2  
  170  9:16  Hatchery  
  175  9:22  Hatchery  
  175  9:24  Roach x9  
  186  9:29  Overseer  
  192  9:36  Spine Crawler  
  192  9:38  Roach x4  
  195  9:51  Roach x6  
  195  9:57  Roach x3  
  173  10:00  Roach  
  173  10:03  Roach  
  173  10:04  Roach  
  175  10:09  Roach x2  
  177  10:19  Roach x5  
  187  10:28  Roach x4  
  177  10:41  Roach x6  
  187  10:54  Roach x5  
  194  10:58  Roach x2  
  189  11:05  Overseer x2  
  189  11:06  Overseer  
  175  11:14  Roach x5  
  175  11:18  Roach x2  
  183  11:22  Roach  
  178  11:26  Ravager  
  178  11:27  Ravager x2  
  178  11:28  Ravager x4  
  178  11:30  Roach  
  178  11:31  Roach  
  185  11:36  Roach x2  
  185  11:39  Roach  
  183  11:40  Roach  
  172  11:49  Roach  
  172  11:50  Roach x3  
  180  12:01  Roach x4  
  186  12:11  Roach x4  
  186  12:14  Ravager  
  183  12:15  Ravager  
  183  12:21  Roach x5  
  192  12:47  Ravager  
  192  12:48  Ravager  
Show
View Real Time Build Order
Export as new Build Order

xKawaiian Terran 

Build Orders: Reaper Expand, MMM Bio 

Get SALT Encoding   

  12  0:00  SCV  
  13  0:13  SCV  
  14  0:17  Supply Depot  
  14  0:25  SCV  
  15  0:39  SCV  
  15  0:40  Barracks  
  16  0:46  Refinery  
  16  0:51  SCV  
  17  1:03  SCV  
  18  1:15  SCV  
  19  1:27  Orbital Command  
  19  1:30  Reaper  
  20  1:38  Command Center  
  20  1:51  Supply Depot  
  20  1:53  SCV  
  21  2:02  Barracks Reactor  
  21  2:05  SCV  
  21  2:08  Barracks  
  22  2:17  SCV, Barracks  
  23  2:38  SCV  
  23  2:42  Marine  
  23  2:43  Marine  
  26  2:50  SCV  
  28  2:53  Orbital Command  
  28  2:56  Barracks Tech Lab  
  27  3:00  Marine  
  27  3:01  Marine  
  27  3:02  SCV  
  27  3:03  Marine  
  31  3:12  Factory  
  31  3:14  SCV, Refinery  
  31  3:18  Stimpack, Marine x2  
  31  3:19  Marine  
  35  3:21  Marine  
  35  3:24  SCV  
  35  3:26  SCV  
  37  3:36  SCV, Marine x2  
  37  3:38  SCV, Marine  
  37  3:39  Supply Depot  
  37  3:40  Marine  
  43  3:48  SCV  
  44  3:50  SCV  
  44  3:54  Marine  
  46  3:57  Starport, Factory Reactor  
  46  4:00  SCV, Marine x2  
  46  4:01  Marine  
  46  4:02  SCV  
  51  4:07  Supply Depot  
  51  4:12  Marine  
  51  4:13  SCV  
  51  4:14  SCV  
  51  4:15  Supply Depot  
  54  4:28  Marine x3  
  54  4:29  SCV x2  
  54  4:30  Supply Depot  
  59  4:34  Marine  
  59  4:38  Supply Depot  
  60  4:41  Medivac x2  
  60  4:42  SCV  
  60  4:43  SCV  
  66  4:46  Marine  
  66  4:47  Marine x2  
  69  4:58  Command Center  
  69  4:59  SCV  
  70  5:00  SCV  
  70  5:03  Factory Reactor  
  70  5:06  Barracks Reactor, Marine x2  
  73  5:11  SCV  
  74  5:18  SCV  
  74  5:19  Engineering Bay  
  74  5:20  Engineering Bay, Marine  
  76  5:23  SCV  
  76  5:24  Refinery  
  76  5:26  Refinery  
  76  5:27  Marine x2  
  79  5:30  SCV  
  79  5:34  Combat Shields  
  81  5:35  SCV  
  81  5:37  Medivac  
  81  5:38  Marine  
  84  5:43  SCV, Marine  
  86  5:50  Terran Infantry Weapons Level 1  
  86  5:54  Supply Depot x2  
  86  5:55  Terran Infantry Armor Level 1  
  86  6:01  Marine x2  
  86  6:02  Marine  
  86  6:03  Marine  
  86  6:05  Marine  
  86  6:07  Widow Mine  
  86  6:09  Widow Mine  
  87  6:17  Barracks  
  87  6:18  Marine, Barracks, Orbital Command  
  87  6:19  Marine  
  87  6:20  Supply Depot  
  87  6:21  Marine  
  90  6:25  Marine  
  90  6:26  SCV  
  90  6:29  Supply Depot  
  90  6:31  Medivac  
  94  6:35  Medivac  
  94  6:37  Marine  
  94  6:38  SCV  
  94  6:39  SCV, Marauder  
  101  6:41  Marine  
  102  6:47  Orbital Command  
  102  6:50  SCV  
  101  6:55  Marine  
  101  6:56  Marine  
  101  6:58  Concussive Shells  
  101  7:01  Armory, Marauder  
  105  7:04  Marine  
  105  7:06  Barracks Reactor, Barracks Tech Lab  
  105  7:08  SCV  
  107  7:11  Marine  
  107  7:13  SCV x2  
  107  7:14  Marine  
  111  7:19  Marine  
  111  7:22  Marine, Marauder  
  114  7:24  Widow Mine  
  114  7:25  Marine  
  114  7:27  SCV x2  
  114  7:28  SCV  
  114  7:29  Marine  
  121  7:30  Medivac  
  121  7:33  Supply Depot x2  
  123  7:38  Marine x2  
  123  7:43  Marauder x2  
  122  7:45  Medivac, Widow Mine  
  122  7:46  Marine  
  122  7:48  SCV  
  128  7:53  Widow Mine  
  128  7:54  SCV  
  131  8:00  Medivac, Marine x2  
  131  8:01  Terran Infantry Weapons Level 2, Terran Infantry Armor Level 2  
  131  8:04  SCV  
  136  8:07  Refinery  
  136  8:08  Command Center, Refinery  
  136  8:09  Supply Depot, Marine  
  138  8:12  SCV  
  138  8:15  Medivac  
  138  8:18  Marauder, Marine  
  138  8:19  Marauder, Marine  
  144  8:22  SCV  
  144  8:24  SCV  
  144  8:26  SCV  
  147  8:27  Marine  
  147  8:28  Marine  
  149  8:35  Marine  
  149  8:36  Marine x2  
  149  8:40  Marauder  
  149  8:41  Marine, Marauder  
  156  8:46  Marine x2  
  155  8:52  Marine  
  155  8:53  SCV  
  155  8:54  Marine  
  156  8:55  Factory, Marine  
  156  8:56  Starport  
  156  8:58  Starport, Fusion Core  
  156  9:00  Marine  
  156  9:01  Marauder  
  156  9:02  Marauder  
  157  9:08  Supply Depot  
  157  9:14  Supply Depot, Liberator x2  
  157  9:16  Supply Depot  
  157  9:19  SCV, Marine x2  
  157  9:20  SCV  
  157  9:23  Marauder  
  157  9:24  Marauder  
  165  9:27  Terran Ship Weapons Level 1  
  165  9:29  Supply Depot  
  165  9:35  Starport Tech Lab  
  165  9:36  Starport Tech Lab  
  171  9:38  Factory Tech Lab  
  153  9:55  Marine x2  
  153  9:56  Marine, Marauder  
  153  9:58  Widow Mine x2  
  117  10:09  Liberator  
  119  10:14  Marine  
  119  10:15  Marauder  
  121  10:22  Marine  
  121  10:23  Marauder  
  121  10:25  Liberator  
  114  10:29  Marine  
  114  10:32  Marine x2  
  114  10:33  SCV x3  
  110  10:36  Marauder  
  110  10:38  Marine x2  
  110  10:42  Marine  
  112  10:44  Marauder  
  112  10:45  SCV x2  
  112  10:47  Marine  
  112  10:49  Marine  
  115  10:51  Marine  
  115  10:52  Liberator  
  96  10:57  SCV x2  
  96  10:58  Marauder  
  94  11:04  Orbital Command  
  94  11:06  Marauder  
  94  11:08  Liberator  
  94  11:09  SCV x2, Marine  
  95  11:12  Marine  
  94  11:18  Marine  
  94  11:19  Marauder  
  94  11:21  SCV, Marine  
  94  11:24  Widow Mine  
  92  11:26  SCV  
  92  11:27  Marauder  
  96  11:33  Marine  
  96  11:39  Marine  
  88  11:41  Marauder  
  88  11:44  Marine  
  88  11:45  Marine  
  88  11:46  Marine  
  85  11:49  SCV, Marauder  
  88  11:58  Marine  
  87  12:02  Marauder  
  89  12:10  Marauder  
  87  12:23  Marine, Marauder  
Tags
 
Add a new tag
Caveats
  • Supply blocks, unpowered buildings, or Contaminate may cause inaccurate times.
  • Supply counts are checked every 10 seconds.